 Dungeon Crawl Stone Soup version 0.31-a0-743-g45f7035092 (webtiles) character file.

Game seed: 8560655993072364466

244 jlumianski the Chopper (level 5, -6/39 HPs)
             Began as a Demonspawn Gladiator on Sept 13, 2023.
             Mangled by an ogre
             ... wielding a +0 giant spiked club
              (11 damage)
             ... on level 5 of the Dungeon.
             The game lasted 00:12:24 (1689 turns).

jlumianski the Chopper (Demonspawn Gladiator)       Turns: 1689, Time: 00:12:25

Health: -6/39      AC: 21    Str: 16    XL:     5   Next: 83%
Magic:  5/5        EV: 10    Int: 12    God:
Gold:   34         SH:  0    Dex: 14    Spells: 4/4 levels left

rFire   . . .        a - +0 war axe
rCold   + . .        (no shield)
rNeg    . . .        l - +8 scale mail "Ihosa" {rC+ Int+2}
rPois   .            c - +0 helmet
rElec   .            (no cloak)
rCorr   .            (no gloves)
SInv    .            (no boots)
Will    .....        (no amulet) Stlth
                     (no ring)
HPRegen 0.26/turn    (no ring)
MPRegen 0.09/turn

%: no passive effects
@: weakened, sanguine armoured
A: powered by pain 2, sanguine armour 1
a: no special abilities


You were on level 5 of the Dungeon.
You visited 1 branch of the dungeon, and saw 7 of its levels.

You collected 74 gold pieces.
You spent 40 gold pieces at shops.

Inventory:

Hand Weapons
 a - a +0 war axe (weapon)
Missiles
 d - 2 throwing nets
 g - 11 stones
Armour
 b - a +0 leather armour
 c - a +0 helmet (worn)
 k - a +0 helmet
 l - the +8 scale mail "Ihosa" (worn) {rC+ Int+2}
   (You found it on level 5 of the Dungeon)

   Int+2:     It affects your intelligence (+2).
   rC+:       It protects you from cold.
Talismans
 j - a blade talisman
Potions
 f - a potion of brilliance


   Skills:
 + Level 2.5 Fighting
 + Level 4.6 Axes
 + Level 1.9 Throwing
 + Level 2.6 Armour
 + Level 3.1 Dodging
 + Level 0.3 Stealth


You had 4 spell levels left.
You didn't know any spells.
Your spell library was empty.

Dungeon Overview and Level Annotations

Branches:
Dungeon (7/15)
 Temple: D:4-7

Altars:

Shops:
D:5 ?

Annotations:
D:5 1 transporter, jlumianski's ghost, novice GrFi


Innate Abilities, Weirdness & Mutations

You sometimes gain power by taking damage.
When seriously injured, your blood forms armour. (AC +6)


Message History

The gnoll hits you but does no damage.
You reach down and open the door.
A gnoll comes into view. It is wielding a +0 club.
The gnoll shouts! x2; You hear a shout!
The gnoll bouda gazes fiercely through you!
You feel as though you will be weak longer.
The gnoll hits you from afar with a +0 spear.
* * * LOW HITPOINT WARNING * * *
You hear a shout! x2
The gnoll bouda shouts!
The gnoll shouts!
The gnoll bouda gazes fiercely through you!
You feel as though you will be weak longer.
The gnoll attacks as it pursues you! The gnoll hits you with a +0 whip.
* * * LOW HITPOINT WARNING * * *
The gnoll throws a stone.
The stone hits you.
* * * LOW HITPOINT WARNING * * *
There is an open door here.
The ogre shouts!
The gnoll closely misses you. The gnoll barely misses you.
The gnoll is no longer moving quickly.
The ogre hits you but does no damage.
The gnoll throws a stone.
The stone hits you but does no damage.
You are starting to lose your buoyancy.
The gnoll attacks as it pursues you! The gnoll hits you but does no damage.
There is an open door here.
The ogre attacks as it pursues you!
The ogre hits you with a +0 giant spiked club.
* * * LOW HITPOINT WARNING * * *
You float gracefully downwards.
Your attacks no longer feel as feeble.
The gnoll bouda gazes fiercely through you!
You feel your attacks grow feeble.
Your enlightenment fades.
The gnoll bouda gazes fiercely through you!
You feel as though you will be weak longer.
You hear the quick hiss of a very distant avalanche of sand.
The gnoll bouda barks out a call to the hunt!
The gnolls pick up the pace!
The ogre attacks as it pursues you!
The ogre hits you with a +0 giant spiked club!
You die...

#...#......#...#....
#...#......#'###....
#..g###'#.....####..
#...'...#.....#..'..
#..g#...#.....'..#..
#..g##..#.....#..#..
#...#####.....#..#..
#..O#...+.....#..#..
#..@#...#.....#..#..
#...'...#.....#..#..
#...#...#.....#..#..
#...#####.....#..#..
#...#.........# #..
#...#....###'## #..
#...'....+...#####..
#...#....#.......#..
#...#....#.......#..


You could see an ogre, a gnoll bouda and 2 gnolls.

Vanquished Creatures
  A hound (D:4)
  A jelly (D:4)
  An orc priest (D:3)
  2 orc wizards
  An iguana (D:5)
  Robin (D:2)
  2 adders
  A dart slug (D:2)
  2 orcs
  3 ball pythons
  A bat (D:1)
  An endoplasm (D:2)
  10 goblins
  6 hobgoblins
  2 kobolds (D:1)
  A quokka (D:1)
  2 frilled lizards
  A rat (D:1)
39 creatures vanquished.

Vanquished Creatures (others)
  An orc wizard (D:5)
1 creature vanquished.

Grand Total: 40 creatures vanquished

Notes
Turn   | Place    | Note
-------+----------+-------------------------------------------
     0 | D:1      | jlumianski the Demonspawn Gladiator began the quest for the
                  | Orb.
     0 | D:1      | Reached XP level 1. HP: 16/16 MP: 1/1
   234 | D:1      | Reached skill level 3 in Axes
   346 | D:1      | Gained mutation: You sometimes gain a little power by
                  | taking damage. [demonic ancestry]
   346 | D:1      | Reached XP level 2. HP: 17/22 MP: 2/2
   562 | D:2      | Reached skill level 1 in Armour
   623 | D:3      | Noticed Robin
   658 | D:2      | Gained mutation: When seriously injured, your blood forms
                  | armour. (AC +6) [demonic ancestry]
   658 | D:2      | Reached XP level 3. HP: 21/27 MP: 3/3
   763 | D:2      | Killed Robin
   909 | D:3      | Reached XP level 4. HP: 20/33 MP: 4/4
  1174 | D:5      | Entered Level 5 of the Dungeon
  1255 | D:5      | Found Huike's Magic Scroll Boutique.
  1265 | D:5      | Bought a scroll of identify for 20 gold pieces
  1265 | D:5      | Bought a scroll of identify for 20 gold pieces
  1279 | D:7      | Noticed an ogre
  1279 | D:7      | Noticed a yak
  1279 | D:7      | Noticed a yak
  1279 | D:7      | Noticed a yak
  1279 | D:7      | Noticed a yak
  1279 | D:7      | Noticed a yak
  1279 | D:7      | Noticed a kobold demonologist
  1280 | D:7      | Noticed a yak
  1346 | D:5      | Noticed an ogre
  1451 | D:4      | Reached skill level 4 in Axes
  1451 | D:4      | Gained mutation: You sometimes gain power by taking damage.
                  | [demonic ancestry]
  1451 | D:4      | Reached XP level 5. HP: 29/39 MP: 5/5
  1516 | D:5      | Identified the +8 scale mail "Ihosa" {rC+ Int+2}
  1592 | D:5      | Noticed jlumianski's ghost (novice GrFi)
  1600 | D:5      | Found a transporter.
  1689 | D:5      | Mangled by an ogre

Illustrated notes

Levels and vault maps discovered:
D:1:      dpeg_arrival_boxorama, layout_basic
D:2:      layout_basic
D:3:      layout_basic, shapermc_ecumenical_altar_flowoftime,
          kennysheep_generic_room_11, uniq_crazy_yiuf_cottage, uniq_terence,
          uniq_robin
D:4:      layout_cave_pools, lemuel_temple_firewalk_b, minmay_misc_feat_square,
          ebering_dispersal_statue_hall
D:5:      layout_gridville, gammafunk_ghost_stat_death,
          nicolae_ossuary_entry_false_entrances, serial_shops, shop
D:6:      layout_basic, amcnicky_altar_gilded
D:7:      layout_rooms

Skill      XL: |  1  2  3  4 |
---------------+-------------+-----
Axes           | 3 4 |  4.6
Armour         | 1 2 |  2.6
Dodging        | 3 |  3.1
Fighting       | |  2.5
Throwing       | |  1.9
Stealth        | |  0.3

Action                     |  1- 3 |  4- 6 || total
---------------------------+-------+-------++-------
  Melee: War axe           |    81 |    50 ||   131
         Punch             |     1 |       ||     1
  Throw: Javelin           |       |     1 ||     1
         Throwing net      |       |     1 ||     1
    Use: Scroll            |       |     5 ||     5
         Potion            |       |     3 ||     3
 Armour: Leather armour    |    63 |    63 ||   126
         Scale mail        |       |    37 ||    37
  Dodge: Dodged            |    64 |    85 ||   149

Table legend: (Time is in decaauts)
 A = Elapsed time spent in this place.
 B = Non-inter-level travel time spent in this place.
 C = Inter-level travel time spent in this place.
 D = Time resting spent in this place.
 E = Time spent auto-exploring this place.
 F = Levels seen in this place.
 G = Mean time per level.
                   A        B        C        D        E       F      G
               +--------+--------+--------+--------+--------+-----+--------+
         Total |   1726 |   1726 |      0 |    343 |    448 |   7 |  246.6 |
       Dungeon |   1726 |   1726 |      0 |    343 |    448 |   7 |  246.6 |
               +--------+--------+--------+--------+--------+-----+--------+

Top non-repeatable levels by time:
     D:3: 492 daAuts
     D:5: 398 daAuts
     D:1: 365 daAuts
     D:2: 321 daAuts
     D:4: 133 daAuts
     D:6: 12 daAuts
     D:7: 1 daAuts
